 Dungeon Crawl Stone Soup version 0.22-a0-809-gcdea453 (webtiles) character file.

13311 Batzerker the Brawler (level 11, -1/81 HPs)
             Began as a Vampire Berserker on July 22, 2018.
             Was a High Priest of Trog.
             Slain by a troll (14 damage)
             ... on level 12 of the Dungeon.
             The game lasted 00:43:36 (16984 turns).

Batzerker the Brawler (Vampire Berserker)          Turns: 16984, Time: 00:43:36

Health: -1/81      AC:  0    Str: 21    XL:     11   Next: 73%
Magic:  12/12      EV: 27    Int: 10    God:    Trog [*****.]
Gold:   731        SH:  0    Dex: 19    Spells: 10/10 levels left

rFire    . . .     SeeInvis +     - Unarmed
rCold    . . .     Gourm    .   (shield currently unavailable)
rNeg     + . .     Faith    .   (armour currently unavailable)
rPois    .         Spirit   .   (helmet currently unavailable)
rElec    .         Reflect  .   (cloak currently unavailable)
rCorr    .         Harm     .   (gloves currently unavailable)
MR       +....                  (boots currently unavailable)
Stlth    +++++++...             (no amulet)
HPRegen  0.23/turn              (ring currently unavailable)
MPRegen  0.13/turn              (ring currently unavailable)

@: bat-form, flying, very quick
A: tiny, fangs 3, rugged brown scales 1, see invisible, strong 1
a: End Transformation, Berserk, Trog's Hand, Brothers in Arms, Renounce Religion


You were on level 12 of the Dungeon.
You worshipped Trog.
Trog was extremely pleased with you.
You were not thirsty.
You were in vampire-bat-form.
You visited 2 branches of the dungeon, and saw 13 of its levels.
You also visited: Ossuary.

You collected 731 gold pieces.

Inventory:

Hand Weapons
 d - a +0 club
Armour
 a - a +1 animal skin (melded)
 k - a +2 cloak (melded)
Jewellery
 t - a +1 ring of evasion {unknown}
 y - a +2 ring of protection {unknown}
Wands
 l - a wand of flame (55)
 m - a wand of acid (15)
 o - a wand of iceblast (7)
 A - a wand of polymorph (15)
 C - a wand of digging (14)
 F - a wand of paralysis (10)
Scrolls
 c - 5 scrolls of enchant weapon
 g - a scroll of fog
 i - 6 scrolls of remove curse
 q - 5 scrolls of teleportation
 u - 4 scrolls of magic mapping
 z - 11 scrolls of identify
 D - 2 scrolls of fear
 E - 2 scrolls of immolation {unknown}
Potions
 b - 18 potions of blood
 e - 6 potions of lignification
 f - a potion of might
 h - 7 potions of curing
 j - 2 potions of berserk rage
 n - 4 potions of degeneration
 p - a potion of haste
 r - a potion of resistance
 s - a potion of mutation
 v - a potion of brilliance
 x - 2 potions of cancellation
 B - 2 potions of ambrosia {unknown}
 H - a potion of flight {unknown}
Miscellaneous
 G - a lightning rod (4/4)


   Skills:
 * Level 5.0 Fighting
 - Level 1.5 Armour
 * Level 7.7 Dodging
 + Level 12.6 Stealth
 + Level 15.6 Unarmed Combat
 * Level 1.7 Evocations


You had 10 spell levels left.
You didn't know any spells.
Your spell library was empty.

Dungeon Overview and Level Annotations

Branches:
Dungeon (12/15)            Temple (0/1) D:7            Lair (0/6) D:9
    Orc (1/2) D:12

Altars:
Dithmenos
Gozag
Kikubaaqudgha
Makhleb
Nemelex Xobeh
Okawaru
Ru
Sif Muna
Trog
Uskayaw
Vehumet
Wu Jian
Xom
Zin
The Shining One

Shops:
D:9 [[[[   D:11 [


Innate Abilities, Weirdness & Mutations

You have razor-sharp teeth.
You have supernaturally acute eyesight. (SInv)
((You can survive without breathing.))
((You have a pair of small antennae on your head.))
(You are partially covered in rugged brown scales. (AC +1, +3% HP))
Your muscles are strong. (Str +2)


Message History

The orc hits you with a club!
* * * LOW HITPOINT WARNING * * *
The orc warrior completely misses you. The ogre hits you with a giant club!
* * * LOW HITPOINT WARNING * * *
The orc barely misses you.
You fly upwards.
Welcome back to the Dungeon!
There is a staircase to the Orcish Mines here.
Things that are here:
a leather armour; a hand axe Blink to where?
Press: ? - help, Dir - move target cursor You can't see that place.
Okay, then.
As you read the scroll labeled PESEHITIWA, it crumbles to dust.
It was a scroll of blinking.
The troll completely misses you. x3
The orc completely misses you. The orc warrior closely misses you.
The orc completely misses you. The ogre misses you.
The orc completely misses you.
You feel better. The orc misses you. The troll bites you!
You die...

#.###### #...## ##.....#
##......# ##...###.######
##...##'## ######.##
#....#...# #...###
##...#(8)# #[8.#
##..#.))## ##)).#
#######(###'#### ##oTo##
#[bO# #### ##ooo##
#..####'###'######
#.##...#####...#.## ####
#..#.8..[[...8.'..#####...
#...)))#####...##.........
#..##)#######'###.#####...
#...#.)##.#......## ##.#
#................# ##<#


You could see a troll, an orc warrior, an ogre and 4 orcs.

Vanquished Creatures
  A two-headed ogre (D:8)
  Pikel (D:5)
  An ugly thing (D:12)
  A cyclops (D:12)
  A deep elf mage (D:12)
  2 slime creatures (D:12)
  A gargoyle (D:12)
  A troll (D:11)
  Prince Ribbit (D:5)
  3 hippogriffs
  A vampire (D:11)
  Sigmund (D:2)
  Eustachio (D:5)
  7 yaks
  2 steam dragons (D:8)
  2 hungry ghosts
  2 hell hounds (D:9)
  2 water moccasins (D:8)
  3 orc warriors
  2 sky beasts
  2 ice beasts
  3 black bears
  7 phantoms
  A hornet zombie (D:12)
  3 ogres
  10 centaurs
  2 big kobolds
  Blork the orc (D:5)
  4 bullfrogs
  2 water moccasin zombies (Ossuary)
  11 scorpions
  9 killer bees
  7 wights (D:12)
  4 crimson imps
  4 howler monkeys
  A bullfrog zombie (D:7)
  4 hounds
  5 orc wizards
  10 orc priests
  Crazy Yiuf (D:3)
  A bullfrog skeleton (D:8)
  2 centaur skeletons
  3 iguanas
  9 worker ants
  A big kobold zombie (Ossuary)
  2 hound skeletons
  A howler monkey zombie (D:6)
  3 mummies
  10 gnolls
  12 adders
  3 shadow imps
  An ooze (D:2)
  5 adder zombies (Ossuary)
  3 adder skeletons
  A worm (D:2)
  3 dart slugs
  2 leopard geckos
  54 orcs
  11 bats
  5 giant cockroaches
  10 goblins
  14 hobgoblins
  9 jackals
  18 kobolds
  A ball python (D:7)
  5 frilled lizards
  A gnoll zombie (Ossuary)
  2 goblin zombies (D:6)
  8 hobgoblin zombies (Ossuary)
  A jackal skeleton (D:8)
  5 kobold zombies (Ossuary)
  A leopard gecko skeleton (D:7)
  5 orc zombies (Ossuary)
  5 rats
344 creatures vanquished.

Vanquished Creatures (collateral kills)
  A two-headed ogre (D:8)
  A jelly (D:8)
  An orc (D:8)
  A ball python (D:8)
4 creatures vanquished.

Vanquished Creatures (others)
  A wizard (D:3)
1 creature vanquished.

Grand Total: 349 creatures vanquished

Notes
Turn   | Place    | Note
-------+----------+-------------------------------------------
     0 | D:1      | Batzerker the Vampire Berserker began the quest for the Orb.
     0 | D:1      | Reached XP level 1. HP: 17/17 MP: 1/1
   462 | D:1      | Reached XP level 2. HP: 13/23 MP: 2/2
   868 | D:1      | Reached skill level 4 in Unarmed Combat
  1780 | D:2      | Reached XP level 3. HP: 29/29 MP: 3/3
  1903 | D:2      | Noticed Sigmund
  1917 | D:2      | Killed Sigmund
  1917 | D:2      | Reached skill level 5 in Unarmed Combat
  1917 | D:2      | Reached XP level 4. HP: 35/35 MP: 4/4
  1917 | D:2      | Reached XP level 5. HP: 41/41 MP: 5/5
  2187 | D:2      | Found a deep blue altar of Sif Muna.
  2207 | D:2      | Reached ** piety under Trog
  3427 | D:3      | Found a shadowy altar of Dithmenos.
  3439 | D:3      | Reached XP level 6. HP: 47/47 MP: 6/6
  3452 | D:3      | Reached skill level 6 in Unarmed Combat
  3638 | D:3      | Found a bloodstained altar of Trog.
  3639 | D:3      | Noticed a wizard
  3647 | D:3      | Killed a wizard
  3913 | D:3      | Found a runed door.
  3920 | D:3      | Noticed Crazy Yiuf
  3928 | D:3      | Killed Crazy Yiuf
  4216 | D:4      | Reached skill level 5 in Stealth
  4569 | D:4      | Reached XP level 7. HP: 45/52 MP: 7/7
  4642 | D:4      | Found a glowing golden altar of the Shining One.
  4665 | D:4      | Reached skill level 7 in Unarmed Combat
  5560 | D:4      | Gained mutation: You have a pair of small antennae on your head. [potion of mutation]
  5560 | D:4      | Gained mutation: You are partially covered in rugged brown scales. (AC +1, +3% HP) [potion of mutation]
  5560 | D:4      | Gained mutation: Your muscles are strong. (Str +2) [potion of mutation]
  5615 | D:5      | Entered Level 5 of the Dungeon
  5616 | D:5      | Noticed Prince Ribbit
  5633 | D:5      | Killed Prince Ribbit
  5633 | D:5      | Reached skill level 8 in Unarmed Combat
  5899 | D:5      | Reached *** piety under Trog
  5914 | D:5      | Reached XP level 8. HP: 58/61 MP: 8/8
  5935 | D:5      | Found a hide-covered altar of Uskayaw.
  6023 | D:5      | Found a shimmering altar of Xom.
  6037 | D:5      | Noticed Pikel
  6066 | D:5      | Killed Pikel
  6066 | D:5      | Reached skill level 9 in Unarmed Combat
  6377 | D:5      | Noticed Eustachio
  6473 | D:5      | Killed Eustachio
  6473 | D:5      | Reached skill level 10 in Unarmed Combat
  6582 | D:5      | Found an iron altar of Okawaru.
  6587 | D:5      | Noticed Blork the orc
  6599 | D:5      | Found an ancient bone altar of Kikubaaqudgha.
  6608 | D:5      | Killed Blork the orc
  6996 | D:6      | Reached XP level 9. HP: 66/66 MP: 9/9
  7009 | D:6      | Found a radiant altar of Vehumet.
  7082 | D:6      | Found a sparkling altar of Nemelex Xobeh.
  7132 | D:6      | Found a sand-covered staircase.
  7142 | Ossuary  | Entered an ossuary
  7457 | Ossuary  | Reached **** piety under Trog
  7817 | D:7      | Found a bloodstained altar of Trog.
  7861 | D:7      | Reached skill level 11 in Unarmed Combat
  7869 | D:7      | Reached skill level 5 in Dodging
  8024 | D:7      | Found a sacrificial altar of Ru.
  8849 | D:7      | Found a glowing silver altar of Zin.
  9004 | D:7      | Found a staircase to the Ecumenical Temple.
  9007 | D:7      | Found an ornate altar of the Wu Jian Council.
  9121 | D:8      | Noticed a two-headed ogre
  9357 | D:8      | Killed a two-headed ogre
  9357 | D:8      | Reached skill level 10 in Stealth
  9357 | D:8      | Reached skill level 12 in Unarmed Combat
  9444 | D:8      | Reached XP level 10. HP: 63/73 MP: 10/10
  9452 | D:8      | Noticed a two-headed ogre
  9479 | D:8      | Killed a two-headed ogre
  9683 | D:8      | Reached skill level 13 in Unarmed Combat
 11155 | D:9      | Found Estroliogg's Antique Armour Boutique.
 11180 | D:9      | Found a burning altar of Makhleb.
 11449 | D:9      | Found Moost's Antique Armour Shoppe.
 11487 | D:9      | Found Xenkeame's Armour Shop.
 11487 | D:9      | Found an opulent altar of Gozag.
 11491 | D:9      | Found Cutyh's Armour Boutique.
 11544 | D:9      | Found a staircase to the Lair.
 11838 | D:10     | Entered Level 10 of the Dungeon
 12046 | D:9      | Reached skill level 14 in Unarmed Combat
 12921 | D:11     | Found Meguamubb's Antique Armour Shop.
 12940 | D:11     | Reached XP level 11. HP: 64/80 MP: 11/11
 13423 | D:11     | Reached ***** piety under Trog
 14863 | D:12     | Reached skill level 15 in Unarmed Combat
 14988 | D:12     | Received a gift from Trog
 15991 | D:12     | Noticed a deep elf mage
 16002 | D:12     | Killed a deep elf mage
 16002 | D:12     | Reached skill level 1 in Evocations
 16106 | D:12     | Noticed a green ugly thing
 16122 | D:12     | Killed a green ugly thing
 16398 | D:12     | Found a staircase to the Orcish Mines.
 16731 | D:12     | Reached skill level 5 in Fighting
 16938 | Orc:1    | Entered Level 1 of the Orcish Mines
 16938 | Orc:1    | Noticed an orc warlord
 16981 | Orc:1    | HP: 4/81 [ogre/giant club (11)]
 16984 | D:12     | Slain by a troll

Vault maps used:
D:1:      dpeg_cavernosity, minmay_cupped
D:2:      led_sif_pool, uniq_sigmund
D:3:      nicolae_overflow_hidden_temple,
          nicolae_dithmenos_through_a_glass_darkly, first_ration, trog_wizard,
          uniq_crazy_yiuf_cottage
D:4:      lemuel_doored_altar, minmay_misc_feat_cross
D:5:      lemuel_crystal_altar, kennysheep_little_box,
          kiku_gazebo_garden_becter, overflow_temple_1_default,
          uniq_blork_the_orc, uniq_pikel, uniq_eustachio, uniq_prince_ribbit1
D:6:      kennysheep_mini_moat, nicolae_ossuary_entry_giza,
          vehumet_altar_wand_db
D:7:      lemuel_coloured_pillars_altar, lemuel_crystal_altar, kennysheep_mini,
          minmay_temple_entry_from_below_a, basic_altar
D:8:      wad_cavern_with_rooms
D:9:      old_standard_altar, minmay_lair_entry_lava, basic_altar, serial_shops,
          shop, shop, shop, nicolae_shop_temple_entry_statues_fountains
D:11:     serial_shops, shop_coins
D:12:     hiddenorc2_lemuel
Ossuary:  ossuary_tomb_2

Skill      XL: |  1  2  3  4  5  6  7  8  9 10 11 |
---------------+----------------------------------+-----
Unarmed Combat | 4 5 6 8 10 12 14 15 | 15.6
Fighting       | 3 4 5 |  5.0
Stealth        | 3 4 5 6 8 10 11 12 | 12.6
Dodging        | 3 4 5 6 7 |  7.7
Evocations     | 1 |  1.7
Armour         | |  1.5

Action                   |  1- 3 |  4- 6 |  7- 9 | 10-12 || total
-------------------------+-------+-------+-------+-------++-------
Melee: Unarmed           |    75 |   161 |   386 |   433 ||  1055
       Bite              |     8 |    29 |    49 |    70 ||   156
Invok: Berserk           |     1 |     3 |    10 |     7 ||    21
       Trog's Hand       |       |     3 |     3 |     4 ||    10
       Brothers in Arms  |       |       |       |     1 ||     1
 Abil: Bat Form          |     1 |     1 |       |       ||     2
Evoke: Wand              |       |       |       |    11 ||    11
  Use: Potion            |     5 |     9 |    23 |    23 ||    60
       Scroll            |     3 |     5 |     6 |     1 ||    15
 Stab: Sleeping          |     7 |    17 |    18 |    14 ||    56
       Distracted        |       |       |     3 |     8 ||    11
Armor: Animal skin       |    12 |       |       |       ||    12
Dodge: Dodged            |    32 |   108 |   279 |   444 ||   863

Table legend:
 A = Spawn XP
 B = Non-spawn XP
 C = Spawn XP percentage of total XP
 D = Spawn monster count
 E = Non-spawn monster count
 F = Spawn count percentage of total count
 G = Total turns spent on level
                    A         B        C        D         E        F      G
               +---------+---------+-------+---------+---------+-------+---------
         Total |       0 |   19016 |   0.0 |       0 |     348 |   0.0 | 16984
               +---------+---------+-------+---------+---------+-------+---------
           D:1 |       0 |      37 |   0.0 |       0 |      19 |   0.0 |  1775
           D:2 |       0 |     303 |   0.0 |       0 |      25 |   0.0 |  1223
           D:3 |       0 |     220 |   0.0 |       0 |      30 |   0.0 |  1149
           D:4 |       0 |     464 |   0.0 |       0 |      18 |   0.0 |  1468
           D:5 |       0 |    1524 |   0.0 |       0 |      16 |   0.0 |  1154
           D:6 |       0 |     449 |   0.0 |       0 |      13 |   0.0 |   599
           D:7 |       0 |    1088 |   0.0 |       0 |      32 |   0.0 |  1261
           D:8 |       0 |    3839 |   0.0 |       0 |      48 |   0.0 |  2039
           D:9 |       0 |    1395 |   0.0 |       0 |      16 |   0.0 |  1329
          D:10 |       0 |    1773 |   0.0 |       0 |      15 |   0.0 |   613
          D:11 |       0 |    1892 |   0.0 |       0 |      19 |   0.0 |  2042
          D:12 |       0 |    5766 |   0.0 |       0 |      67 |   0.0 |  1876
         Orc:1 |       0 |       3 |   0.0 |       0 |       1 |   0.0 |     7
       Ossuary |       0 |     263 |   0.0 |       0 |      29 |   0.0 |   449
               +---------+---------+-------+---------+---------+-------+---------
